Workbook
Name \0: #REF!
Name \A: #REF!
Name \b: #REF!
Name \D: #REF!
Name \F: #REF!
Name \G: #REF!
Name \H: #REF!
Name \I: #REF!
Name \J: #REF!
Name \K: #REF!
Name \L: #REF!
Name \M: #REF!
Name \N: #REF!
Name \P: #REF!
Name \R: #REF!
Name \U: #REF!
Name \W: #REF!
Name _: #REF!
Name __: #REF!
Name ___: #REF!
Name ____: #REF!
Name _____: #REF!
Name ______: #REF!
Name _______: #REF!
Name ________: #REF!
Name _________: #REF!
Name __________: #REF!
Name ___________: #REF!
Name ____________: #REF!
Name _____________: #REF!
Name ______________: #REF!
Name _______________: #REF!
Name ________________: #REF!
Name _________________: #REF!
Name ___________________: #REF!
Name ___________________PAY1196: #REF!
Name ___________________PAY1296: #REF!
Name ___________________PAY12962: #REF!
Name __________________jde01: #REF!
Name __________________PAY1196: #REF!
Name __________________PAY1296: #REF!
Name __________________PAY12962: #REF!
Name __________________psr1: #REF!
Name __________________psr2: #REF!
Name __________________psr3: #REF!
Name __________________sch1: #REF!
Name _________________jde01: #REF!
Name _________________PAY1196: #REF!
Name _________________PAY1296: #REF!
Name _________________PAY12962: #REF!
Name _________________psr1: #REF!
Name _________________psr2: #REF!
Name _________________psr3: #REF!
Name _________________sch1: #REF!
Name ________________jde01: #REF!
Name ________________PAY1196: #REF!
Name ________________PAY1296: #REF!
Name ________________PAY12962: #REF!
Name ________________psr1: #REF!
Name ________________psr2: #REF!

Sheet INVENTORY ALLOCATIONS
A1: BID FORM ISFA26-1635
A2: ILLINOIS SPORTS FACILITIES AUTHORITY
A3: FY27 Scoreboard Control Room – Video & Audio Upgrades
A4: 19
A5: INVENTORY ITEM | B5: REF. NO. | C5: GENERAL DESCRIPTION | D5: COST ACCURACY | E5: EQUIPMENT COST | G5: SUMMARY
A7: 1.0 BROADCAST UPGRADES
A8: =+'1.0 BROADCAST UPGRADES'!A92 -> DREAMCATCHER REPLAY SUBTOTAL | B8: 1.1 | C8: (3) New Evertz DC replay servers with (3) control panels, all SW and licenses. | D8: BID | E8: =+'1.0 BROADCAST UPGRADES'!G92 -> 0 | G8: 1 | H8: =E8*G8 -> 0
A9: =+'1.0 BROADCAST UPGRADES'!A93 -> INTERCOM SYSTEM TOTAL | B9: 1.2 | C9: A complete Riedel Artist intercom system with all new panels, headsets, Commissiong and training. | D9: BID | E9: =+'1.0 BROADCAST UPGRADES'!G93 -> 0 | G9: 1 | H9: =E9*G9 -> 0
A10: =+'1.0 BROADCAST UPGRADES'!A94 -> EDITSHARE SYSTEM TOTAL | B10: 1.3 | C10: A new EditShare storage system. 252TB of online storage with new servers, new ENET switch and remote commissioning and training. | D10: BID | E10: =+'1.0 BROADCAST UPGRADES'!G94 -> 0 | G10: 1 | H10: =E10*G10 -> 0
A11: =+'1.0 BROADCAST UPGRADES'!A95 -> INTEGRATION TOTAL | B11: 1.4 | C11: Integration, Material and Labor to build out, wire, install and test all of the upgrade systems. | D11: BID | E11: =+'1.0 BROADCAST UPGRADES'!G95 -> 0 | G11: 1 | H11: =E11*G11 -> 0
A12: =+'1.0 BROADCAST UPGRADES'!A99 -> Option 1 TOTAL | B12: 1.5 | C12: EVERTZ DREAMCATCHER YEAR 2& 3 WARRANTY | D12: BID | E12: =+'1.0 BROADCAST UPGRADES'!G99 -> 0 | G12: 0 | H12: =E12*G12 -> 0
A13: =+'1.0 BROADCAST UPGRADES'!A103 -> Option 2 TOTAL | B13: 1.6 | C13: EVERTZ LM-MOTION-PLUS-Y | D13: BID | E13: =+'1.0 BROADCAST UPGRADES'!G103 -> 0 | G13: 0 | H13: =E13*G13 -> 0
A14: =+'1.0 BROADCAST UPGRADES'!A109 -> Option 3 TOTAL | B14: 1.7 | C14: RIEDEL INTERCOM OPTIONS | D14: BID | E14: =+'1.0 BROADCAST UPGRADES'!G109 -> 0 | G14: 0 | H14: =E14*G14 -> 0
A15: =+'1.0 BROADCAST UPGRADES'!A113 -> Option 4 TOTAL | B15: 1.8 | C15: EDITSHARE SUPPORT | D15: BID | E15: =+'1.0 BROADCAST UPGRADES'!G113 -> 0 | G15: 0 | H15: =E15*G15 -> 0
A16: =+'1.0 BROADCAST UPGRADES'!A124 -> Option 5 TOTAL | B16: 1.9 | C16: SNS 224TB STORAGE/MAM (REPLACING THE EDITSHARE STORAGE SYSTEM) | D16: BID | E16: =+'1.0 BROADCAST UPGRADES'!G124 -> 0 | G16: 1 | H16: =E16*G16 -> 0
A17: SUB-TOTAL BROADCAST UPGRADES (IDENTIFIED OPTIONS) | G17: =SUM(H8:H16) -> 0
A19: 2.0 BOWL AUDIO
A20: FOH AUDIO SYSTEM UPGRADES | B20: 2.1 | C20: The equipment package comprises a comprehensive professional audio, broadcast, and live-production system. It includes a Yamaha RIVAGE PM3 digital mixing and DSP platform with MADI connectivity, Rio digital I/O units, and a compact DM3 mixer, supported by Dante-capable network switches, audio interfaces, computers, monitoring systems, patch bays, distribution amplifiers, and studio monitors. The Shure Axient Digital wireless system provides multiple handheld and bodypack transmitters, receivers, antennas, spectrum and frequency-management tools, ShowLink access points, PSM transmitters and receivers, charging docks, batteries, headsets, and in-ear monitors. Additional equipment includes announcer microphones and consoles, Bluetooth, USB, and multimedia direct boxes, Wohler audio metering and monitoring units, Focusrite interfaces, ATI signal-distribution components, Genelec monitors, Listen assistive-listening systems, Behringer dynamics processors, rack hardware, fiber transceivers, and a complete selection of color-coded Mogami patch cables. | D20: BID | E20: =+'2.0 AUDIO FOH'!G87 -> 0 | G20: 1 | H20: =E20*G20 -> 0
A21: SUB-TOTAL FOH AUDIO (IDENTIFIED OPTIONS) | G21: =SUM(H20:H20) -> 0
A22: 3.0 OTHER ITEMS NEEDED
A23: OTHER ITEMS NEEDED | B23: 3.1 | C23: Items required to make a full and complete turnkey system. | D23: OIN | E23: =+'3.0 OTHER ITEMS NEEDED'!G38 -> 0 | G23: 1 | H23: =E23*G23 -> 0
A25: TOTAL | G25: =+H23 -> 0
A26: 4.0 VENDOR ALTERNATIVES
A27: =+'4.0 VENDOR ALTERNATES'!A20 -> VENDOR ALTERNATE 1 | B27: 4.1 | D27: BID | E27: =+'4.0 VENDOR ALTERNATES'!G20 -> 0 | G27: 0 | H27: =E27 *G27 -> 0
A28: =+'4.0 VENDOR ALTERNATES'!A35 -> VENDOR ALTERNATE 2 | B28: 4.2 | D28: BID | E28: =+'4.0 VENDOR ALTERNATES'!G35 -> 0 | G28: 0 | H28: =E28 *G28 -> 0
A29: =+'4.0 VENDOR ALTERNATES'!A50 -> VENDOR ALTERNATE 3 | B29: 4.3 | D29: BID | E29: =+'4.0 VENDOR ALTERNATES'!G50 -> 0 | G29: 0 | H29: =E29 *G29 -> 0
A30: =+'4.0 VENDOR ALTERNATES'!A65 -> VENDOR ALTERNATE 4 | B30: 4.4 | D30: BID | E30: =+'4.0 VENDOR ALTERNATES'!G65 -> 0 | G30: 0 | H30: =E30 *G30 -> 0
A32: TOTAL | G32: =SUM(H27:H30) -> 0
A33: SUMMARY
A34: =A7 -> 1.0 BROADCAST UPGRADES | H34: =G17 -> 0
A35: =+A19 -> 2.0 BOWL AUDIO | H35: =+G21 -> 0
A36: =+A22 -> 3.0 OTHER ITEMS NEEDED | H36: =+G25 -> 0
A37: =+A26 -> 4.0 VENDOR ALTERNATIVES | H37: =+G32 -> 0
A38: SUB-TOTAL (IDENTIFIED OPTIONS) | G38: =SUM(H34:H37) -> 0
A39: BONDING (1%) - RECOMMEND FINANCIAL TERMS IN LIEU | G39: =G38*0.01 -> 0
A40: GRAND-TOTAL (IDENTIFIED OPTIONS) | G40: =SUM(G38:H39) -> 0
A41: 19

Sheet 1.0 BROADCAST UPGRADES
A1: BROADCAST CONTROL ROOM UPGRADES
A2: ILLINOIS SPORTS FACILITIES AUTHORITY
A3: BROADCAST
A5: REF | B5: MANUFACTURER | C5: MODEL | D5: DESCRIPTION | E5: QTY | F5: UNIT | G5: EXTENDED
A7: DREAMCATCHER REPLAY SERVERS
A8: 1 | B8: Evertz | C8: LM-CORE-HC7T | D8: 1RU Live Media high compute processing core for hosting Evertz Live Media applications. Provides 2x 1GbE RJ45 ports, 2x 25/10/1GbE SFP28 ports, 1x 10/100/1000 RJ45 management LAN, 2x USB 3.0, 1x Mini DP (management), 4x DP, and 1+1 1000W redundant Power Supplies. Includes 7TB of high speed hot swappable storage. Software functions and application licenses sold separately. | E8: 3 | G8: =+F8*E8 -> 0
A9: =A8+1 -> 2 | B9: Evertz | C9: DC-IO-MX12-12G-SDI | D9: 12G/3G IO module supporting two configurations. Configuration 1: 4x 12G in, 4x 12G out, 4x 3G In/Out OR Configuration 2: 12x 3G In/Out. Used on DC-CORE-PLUS hardware. | E9: 3 | G9: =+F9*E9 -> 0
A10: =A9+1 -> 3 | B10: Evertz | C10: SFP10G-TR13-M | D10: SFP+ Optical Transceiver, 10Gbps, 1310nm, SMF, 10km | E10: 3 | G10: =+F10*E10 -> 0
A11: =A10+1 -> 4 | B11: Evertz | C11: LM-IXXS-16 | D11: This feature key provides 60fps of JPEGXS encoding or decoding on any DreamCatcher/BRAVO E series core plus platform. Supported video formats of 60fps of 720p, 1080i, 1080p. | E11: 3 | G11: =+F11*E11 -> 0
A12: =A11+1 -> 5 | B12: Evertz | C12: DC-CONTINUOUS-REC | D12: Each DC-CONTINUOUS-REC provides a single continuous ingest channel of high bitrate record with frame accurate content access. | E12: 12 | G12: =+F12*E12 -> 0
A13: =A12+1 -> 6 | B13: Evertz | C13: DC-RCP-10 | D13: Remote Control Panel, w/LCD Screen, J/S Knob, Fader Bar (OFE) | E13: 0 | G13: =+F13*E13 -> 0
A14: =A13+1 -> 7 | B14: Evertz | C14: LM-CORE-HC | D14: 1RU Live Media high compute processing core for hosting Evertz Live Media applications. Provides 2x 1GbE RJ45 ports, 2x 25/10/1GbE SFP28 ports, 1x 10/100/1000 RJ45 management LAN, 2x USB 3.0, 1x Mini DP (management), 4x DP, and 1+1 1000W redundant Power Supplies. Includes 1.9TB of high speed hot swappable storage. | E14: 1 | G14: =+F14*E14 -> 0
A15: =A14+1 -> 8 | B15: Evertz | C15: SFP10G-TR13-M | D15: SFP+ Optical Transceiver, 10Gbps, 1310nm, SMF, 10km | E15: 2 | G15: =+F15*E15 -> 0
A16: =A15+1 -> 9 | B16: Evertz | C16: LM-IXXS-16 | D16: Feature key provides 60fps of JPEGXS encoding or decoding on any DreamCatcher/BRAVO E series core plus platform. Supported video formats of 60fps of 720p, 1080i, 1080p. | E16: 1 | G16: =+F16*E16 -> 0
A17: =A16+1 -> 10 | B17: Evertz | C17: SFP10G-TR13-M | D17: SFP+ Optical Transceiver, 10Gbps, 1310nm, SMF, 10km | E17: 4 | G17: =+F17*E17 -> 0
A18: =A17+1 -> 11 | B18: Evertz | C18: DC-ANNUAL-LICENSE-SW | D18: DreamCatcher™ Annual Software Support License for New Software: Year 2 to 4 | E18: 3 | G18: =+F18*E18 -> 0
A19: =A18+1 -> 12 | B19: Evertz | C19: DC-ANNUAL-LICENSE-SW | D19: Annual Software License for DreamCatcher™ software as documented within this quotation. This license provides access to the following for 1 year: Priority, live 24/ 7/ 365 phone support service from our friendly, professionally–experienced DreamCatcher™ Specialists, DC-ANYWHERE remote user access support, Integration support for virtualized DreamCatcher application, Support for advanced production software applications on the DreamCatcher cluster, Annual remote inspection of your system with diagnostic report and workflow optimization review, Software upgrades for DreamCatcher™. | E19: 1 | G19: =+F19*E19 -> 0
A20: =A19+1 -> 13 | B20: Evertz | C20: DC-CONTINUOUS-REC | D20: Each DC-CONTINUOUS-REC provides a single continuous ingest channel of high bitrate record with frame accurate content access. (LIC TRANSFER) | E20: 18 | F20: 0 | G20: =+F20*E20 -> 0
A21: =A20+1 -> 14 | B21: Evertz | C21: DC-OUTPUT | D21: Each DC-OUTPUT software app provides a single live production playout channel. The app provides frame based shuttling on outputs, slow motions playout, real-time transitions. (LIC TRANSFER) | E21: 6 | F21: 0 | G21: =+F21*E21 -> 0
A22: =A21+1 -> 15 | B22: Evertz | C22: DC-REPLAY-UI | D22: DreamCatcher software application providing a single instance and single login to the DreamCatcher Replay User Interface. (LIC TRANSFER) | E22: 3 | F22: 0 | G22: =+F22*E22 -> 0
A23: =A22+1 -> 16 | B23: Evertz | C23: DC-MEDIA-FLEX | D23: The DC-MEDIA-FLEX software app provides the following capabilities: Management of all jobs and processes on a DreamCatcher cluster, real-time growing file support, intelligent transcoding prioritization, transcoding of all major broadcast codecs, video format conversion. (LIC TRANSFER) | E23: 1 | F23: 0 | G23: =+F23*E23 -> 0
A24: =A23+1 -> 17 | B24: Evertz | C24: DC-MEDIA-BRIDGE | D24: The DC-MEDIA-BRIDGE software app provides management and access to external networks for the DreamCatcher cluster. The DC-MEDIA-BRIDGE also provides external network access for the DC-ANYWHERE functionality. (LIC TRANSFER) | E24: 1 | F24: 0 | G24: =+F24*E24 -> 0
A25: =A24+1 -> 18 | B25: Evertz | C25: DC-MEDIA-DIRECTOR | D25: DreamCatcher Media Director Software. Each software unit provides a single Media Director web browser login to the DreamCatcher cluster. Media Director interface provides, device management, jobs management, content management and transcoding workflow creation for the DreamCatcher cluster. (LIC TRANSFER) | E25: 1 | F25: 0 | G25: =+F25*E25 -> 0
A26: =A25+1 -> 19 | B26: Evertz | C26: DC-ANNUAL-LICENSE-SW | D26: Annual Software License for DreamCatcher™ This license provides access to the following for 1 year: Priority, live 24/ 7/ 365 phone support service from our friendly, professionally–experienced DreamCatcher™ Specialists, DC-ANYWHERE remote user access support, virtualized DreamCatcher application. | E26: 4 | G26: =+F26*E26 -> 0
A27: =A26+1 -> 20 | B27: Evertz | C27: LIVE-PRODUCTION-COMMISSION NING | D27: 1 day on-site commissioning. This part number provides the customer with one 8 hour day of commissioning on-site from a Live Production Specialist. | E27: 3 | G27: =+F27*E27 -> 0
A28: =A27+1 -> 21 | B28: Evertz | C28: Expenses | D28: Travel, accommodations and other reasonable out of pocket expenses. | E28: 1 | G28: =+F28*E28 -> 0
A29: =A28+1 -> 22 | B29: Evertz | C29: LIVE-PRODUCTION-TRAINING | D29: 1 Day On-site Live Production Training. LIVE-PRODUCTION-TRAINING provides one 8 hour day of on-site training by a live production specialist. | E29: 3 | G29: =+F29*E29 -> 0
A30: =A29+1 -> 23 | B30: Evertz | C30: Expenses | D30: Travel, accommodations and other reasonable out of pocket expenses. | E30: 1 | G30: =+F30*E30 -> 0
A31: =A30+1 -> 24 | B31: Evertz | C31: DF1-FR | D31: Dragon Fire 1RU, single slot, complete with all power and controller redundancy. | E31: 1 | G31: =+F31*E31 -> 0
A32: =A31+1 -> 25 | B32: Evertz | C32: NATX-LT-40SFP-2QSFP-DD-DF1S | D32: NATX-LT IP Switching Fabric with Integrated Network Address Translation. | E32: 1 | G32: =+F32*E32 -> 0
A33: =A32+1 -> 26 | B33: Evertz | C33: SFP10G-TR13-M | D33: SFP+ Optical Transceiver, 10Gbs, 1310, SMF, 10km | E33: 4 | G33: =+F33*E33 -> 0
A34: =A33+1 -> 27 | B34: Evertz | C34: SFPTR-RJ45-SER-AV | D34: 1000Mbps RJ-45 SFP module with SerDes interface. | E34: 2 | G34: =+F34*E34 -> 0
A35: DREAMCATCHER REPLAY SUBTOTAL | G35: =SUM(G8:G34) -> 0
A36: INTERCOM SYSTEM
A37: =+A34+1 -> 28 | B37: Riedel | C37: 1010010 | D37: Artist-1024 Frame incl. 2x PSUs Fan Unit | E37: 1 | G37: =+F37*E37 -> 0
A38: =+A37+1 -> 29 | B38: Riedel | C38: 1080205 | D38: VAE-16 Plus Virtual Artist Expansion Plus License, 16 Ports | E38: 5 | G38: =+F38*E38 -> 0
A39: =+A38+1 -> 30 | B39: Riedel | C39: 9301306 | D39: Artist 1024 Universal Interface Card 128-II | E39: 6 | G39: =+F39*E39 -> 0
A40: =+A39+1 -> 31 | B40: Riedel | C40: 9301306 | D40: Artist 1024 Universal Interface Card 128-II (SHELF SPARE/BACKUP CARD) | E40: 1 | G40: =+F40*E40 -> 0
A41: =+A40+1 -> 32 | B41: Riedel | C41: 9300645 | D41: Fiber Accessory SFP 1G RJ45 for Artist and MediorNet | E41: 4 | G41: =+F41*E41 -> 0
A42: =+A41+1 -> 33 | B42: Riedel | C42: 1090004 | D42: ART-Z-SFP-CPU-SM-1310-10,5-1,25Gbps SFP CPU Module 1310nm 1.25GBps for Artist (Singlemode) | E42: 4 | G42: =+F42*E42 -> 0
A43: =+A42+1 -> 34 | B43: Riedel | C43: 1990049 | D43: SFP MADI Module 125MBps BNC | E43: 1 | G43: =+F43*E43 -> 0
A44: =+A43+1 -> 35 | B44: Riedel | C44: 1090037 | D44: ART-Z-LWL cable SM-LC Duplex | E44: 1 | G44: =+F44*E44 -> 0
A45: =+A44+1 -> 36 | B45: Riedel | C45: 1220100 | D45: RSP-2318 2300 Series Rackmount SmartPanel with 18 Keys | E45: 16 | G45: =+F45*E45 -> 0
A46: =+A45+1 -> 37 | B46: Riedel | C46: 1220110 | D46: 2300 Series Expansion SmartPanel with 24 Keys | E46: 3 | G46: =+F46*E46 -> 0
A47: =+A46+1 -> 38 | B47: Riedel | C47: 1220120 | D47: DSP-2312 2300 Series Desktop SmartPanel with 12 keys | E47: 2 | G47: =+F47*E47 -> 0
A48: =+A47+1 -> 39 | B48: Riedel | C48: 1220205 | D48: 2300 Series Intercom App PLUS for RSP-2318 and DSP-2312 | E48: 2 | G48: =+F48*E48 -> 0
A49: =+A48+1 -> 40 | B49: Riedel | C49: 1220210 | D49: 2300 Series Intercom App PRO Version for RSP-2318 | E49: 16 | G49: =+F49*E49 -> 0
... A57: =+A56+1 -> 48 | B57: Riedel | C57: 9302546 | D57: HS-400-SNGL-E-A OnAir 400 series headset single-ear | E57: 17 | G57: =+F57*E57 -> 0
A58: =+A57+1 -> 49 | B58: Riedel | C58: D_000006 | D58: US Tariff Surcharge | E58: 1 | G58: =+F58*E58 -> 0
A59: =+A58+1 -> 50 | B59: Riedel | C59: 1710010 | D59: Commissioning | E59: 3 | G59: =+F59*E59 -> 0
A60: =+A59+1 -> 51 | B60: Riedel | C60: 9302562 | D60: Technical Training | E60: 1 | G60: =+F60*E60 -> 0
A61: =+A60+1 -> 52 | B61: Riedel | C61: 1770002 | D61: Travel & Expenses | E61: 1 | G61: =+F61*E61 -> 0
A62: =+A61+1 -> 53 | B62: Riedel | C62: 9302138 | D62: Riedel Care Standard Service Level Agreement, Cost per year for a Riedel Care Standard Service Level Agreement. | E62: 1 | G62: =+F62*E62 -> 0
A63: =+A62+1 -> 54 | B63: Netgear | C63: GSM4352PA-100NES | D63: 50-Port 1G/10G PoE+ Compliant Managed Network Switch with SFP+ (PRIMARY & BACKUP) | E63: 2 | G63: =+F63*E63 -> 0
A64: INTERCOM SYSTEM TOTAL | G64: =SUM(G37:G63) -> 0
A65: EDITSHARE/STORAGE SYSTEM
A66: =+A63+1 -> 55 | B66: EditShare | C66: TBD | D66: Ultimate EFS (MDC) Metadata Controller 2U server with Platform License. | E66: 1 | G66: =+F66*E66 -> 0
A67: =+A66+1 -> 56 | B67: EditShare | C67: TBD | D67: Dual Port 10Gbe Base-T Network Interface card for EditShare Server or Workstation | E67: 1 | F67: 0 | G67: =+F67*E67 -> 0
A68: =+A67+1 -> 57 | B68: EditShare | C68: TBD | D68: Adds dedicated 2 x 480GB SSD for file auditing to existing EFS MDC. | E68: 1 | G68: =+F68*E68 -> 0
A69: =+A68+1 -> 58 | B69: EditShare | C69: TBD | D69: Increases DRAM to 256GB on EFS MDC. | E69: 1 | G69: =+F69*E69 -> 0
A70: =+A69+1 -> 59 | B70: EditShare | C70: TBD | D70: 3U 16x6TB Storage Node w/Platform and Storage License. Includes onboard dual 10G network controller | E70: 4 | G70: =+F70*E70 -> 0
A71: =+A70+1 -> 60 | B71: EditShare | C71: TBD | D71: 6TB Spare Drive | E71: 4 | F71: 0 | G71: =+F71*E71 -> 0
A72: =+A71+1 -> 61 | B72: EditShare | C72: TBD | D72: 4U Parking Node in 480TB (30x16TB) Half-Populated Raw configuration EFS Nearline Storage & Platform | E72: 1 | G72: =+F72*E72 -> 0
A73: =+A72+1 -> 62 | B73: EditShare | C73: TBD | D73: Quality Tested 16TB 3.5' RAID Hard Drive | E73: 1 | F73: 0 | G73: =+F73*E73 -> 0
A74: =+A73+1 -> 63 | B74: EditShare | C74: TBD | D74: EditShare Annual Support Contract - Standard : 9x5 Regional Business Hours, Telephone, Portal and Em | E74: 5 | G74: =+F74*E74 -> 0
A75: =+A74+1 -> 64 | B75: EditShare | C75: TBD | G75: =+F75*E75 -> 0
A76: =+A74+1 -> 64 | B76: EditShare | C76: TBD | D76: Remote Commissioning - per day | E76: 5 | G76: =+F76*E76 -> 0
A77: =+A76+1 -> 65 | B77: EditShare | C77: TBD | D77: Remote Training maximum number of 5 | E77: 3 | G77: =+F77*E77 -> 0
A78: =+A77+1 -> 66 | B78: EditShare | C78: TBD | D78: Media and Data Migration to a New EditShare solution per 32TB | E78: 3 | G78: =+F78*E78 -> 0
A79: =+A78+1 -> 67 | B79: EditShare | C79: TBD | D79: CUSTOMER LOYALTY/TRADE-UP PROMO*** 4x EFS 300 96TB, MDC | E79: 1 | G79: =+F79*E79 -> 0
A80: =+A79+1 -> 68 | B80: EditShare | C80: TBD | D80: CUSTOMER LOYALTY/TRADE-UP PROMO*** 4x EFS 300 96TB, MDC | E80: 1 | G80: =+F80*E80 -> 0
A81: =+A80+1 -> 69 | B81: Netgear | C81: M4500-48XF8C | D81: Managed Switch with 48x10G/25G SFP28 and 8x100G QSFP28 Ports | E81: 1 | G81: =+F81*E81 -> 0
A82: =+A81+1 -> 70 | B82: Netgear | C82: AXM765-20000S | D82: 10GBASE-T SFP+ T | E82: 36 | G82: =+F82*E82 -> 0
A83: =+A82+1 -> 71 | B83: Netgear | C83: 10GE LR-LITE | D83: SFP+ MODULE | E83: 12 | G83: =+F83*E83 -> 0
A84: EDITSHARE SYSTEM TOTAL | G84: =SUM(G66:G83) -> 0
A85: INSTALLATION, MATERIALS AND LABOR
A86: =+A83+1 -> 72 | B86: Integration | C86: Labor | D86: Integration Labor | E86: 1 | G86: =+F86*E86 -> 0
A87: =SUM(A86+1) -> 73 | B87: Integration | C87: Material | D87: Integration Material | E87: 1 | G87: =+F87*E87 -> 0
A88: =SUM(A87+1) -> 74 | B88: Integration | C88: Travel | D88: Integration Travel | E88: 1 | G88: =+F88*E88 -> 0
A89: INTEGRATION TOTAL | G89: =SUM(G86:G88) -> 0
A90: BROADCAST SUMMARY
A92: =A35 -> DREAMCATCHER REPLAY SUBTOTAL | G92: =G35 -> 0
A93: =A64 -> INTERCOM SYSTEM TOTAL | G93: =G64 -> 0
A94: =A84 -> EDITSHARE SYSTEM TOTAL | G94: =G84 -> 0
A95: =+A89 -> INTEGRATION TOTAL | G95: =G89 -> 0
A96: BASE BID TOTAL | G96: =SUM(G92:G95) -> 0
A97: OPTION 1 - EVERTZ DREAMCATCHER YEAR 2& 3 WARRANTY
A98: 1 | B98: Evertz | C98: DC-EXTENDED-WARRANTY-1 | D98: DreamCatcher™ Annual Hardware Warranty: Year 2 & 3; Annual subscription to extended warranty including coverage for all parts & labor costs, and service equipment loans at no charge for the duration of the repair. Max 2 additional years of warranty (for a total of 3). | E98: 2 | G98: =+F98*E98 -> 0
A99: Option 1 TOTAL | G99: =SUM(G98:G98) -> 0
A100: OPTION 2 - EVERTZ LM-MOTION-PLUS-Y
A101: 1 | B101: Evertz | C101: LM-MOTION-PLUS-Y | D101: (ANNUAL LICENSE) The DreamCatcher MOTION+ annual software license allows the DreamCatcher platform to create AI enhanced high frame rate video content from any standard frame rate content for a single calendar year. The software provides the ability to enhance any 60 frame per second video content up to a 360 frame per second high frame rate. The software license can run on independent DreamCatcher systems or on clustered DreamCatcher systems with MEDIA-FLEX software. The software uses AI assisted processing to create a smooth high rate version of the original content. | E101: 1 | G101: =+F101*E101 -> 0
A102: 2 | B102: Evertz | C102: LM-MOTION-PLUS-Y | D102: LM-MOTION-PLUS-Y Renewal; Note: The first year of coverage is included with the purchase of DreamCatcher™ SW. Additional years of renewal will be determined on the current list price of purchased SW. | E102: 3 | G102: =+F102*E102 -> 0
A103: Option 2 TOTAL | G103: =SUM(G101:G102) -> 0
A104: OPTION 3 - RIEDEL INTERCOM OPTIONS
A105: 1 | B105: Riedel | C105: 9301503 | D105: BL-EPS-1001-01 Bolero Antenna Power Supply Single-Antenna | E105: 4 | G105: =+F105*E105 -> 0
A106: 2 | B106: Riedel | C106: 1610039 | D106: PRO-A2L80 (6.3/XLR3M) Headset PRO-A2L80 6.3/XLR3M Commentator | E106: 4 | G106: =+F106*E106 -> 0
A107: 3 | B107: Riedel | C107: 9302139 | D107: Riedel Care Enhanced Service Level Agreement, Cost per year for a Riedel Care Enhanced Service Level Agreement. Terms and conditions see extra document | E107: 1 | G107: =+F107*E107 -> 0
A108: 4 | B108: Riedel | C108: 9302140 | D108: Riedel Care Premium Service Level Agreement, Cost per year for a Riedel Care Premium Service Level Agreement. Terms and conditions see extra document | E108: 1 | G108: =+F108*E108 -> 0
A109: Option 3 TOTAL | G109: =SUM(G105:G108) -> 0
A110: OPTION 4 - EDITSHARE SUPPORT
...

Sheet 2.0 AUDIO FOH
A1: BID FORM
A2: ILLINOIS SPORTS FACILITIES AUTHORITY
A3: FOH AUDIO UPGRADES
A5: REF | B5: MANUFACTURER | C5: MODEL | D5: DESCRIPTION | E5: QTY | F5: UNIT | G5: EXTENDED
A7: BOWL AUDIO SYSTEMS
A8: FOH AUDIO / SOURCES / PROCESSING
A9: 1 | B9: YAMAHA | C9: CS-R5 | D9: RIVAGE PM5 Control Surface | E9: 1 | G9: =F9*E9 -> 0
A10: =SUM(A9+1) -> 2 | B10: YAMAHA | C10: DSP-RX-EX | D10: RIVAGE Series DSP, 256 CH with (2) HY256-TL Audio Interface Card | E10: 1 | G10: =F10*E10 -> 0
A11: =SUM(A10+1) -> 3 | B11: YAMAHA | C11: HY128-MD | D11: MADI Interface Card | E11: 1 | G11: =F11*E11 -> 0
A12: =SUM(A11+1) -> 4 | B12: YAMAHA | C12: HY144-D-SRC | D12: Dante Audio Interface Card | E12: 1 | G12: =F12*E12 -> 0
A13: =SUM(A12+1) -> 5 | B13: YAMAHA | C13: RPio622 I/O Rack | D13: I/O Rack with (3) RY16-ML-SILK Audio Interface Card and (2) RY16-DA Audio Interface Card | E13: 1 | G13: =F13*E13 -> 0
A14: =SUM(A13+1) -> 6 | B14: YAMAHA | C14: DM3D | D14: Small Digital Mixer for DJ, 22-Channel Digital Mixing Console | E14: 1 | G14: =F14*E14 -> 0
A15: =SUM(A14+1) -> 7 | B15: SHURE | C15: AD4QUS=-A | D15: Four-channel receiver | E15: 3 | G15: =F15*E15 -> 0
A16: =SUM(A15+1) -> 8 | B16: SHURE | C16: UA874US | D16: Antenna Distribution System | E16: 2 | G16: =F16*E16 -> 0
A17: =SUM(A16+1) -> 9 | B17: SHURE | C17: AD600US | D17: Digital Spectrum Manager for frequency coordination | E17: 1 | G17: =F17*E17 -> 0
A18: =SUM(A17+1) -> 10 | B18: SHURE | C18: SBRC-US | D18: Rack Battery Charger | E18: 1 | G18: =F18*E18 -> 0
A19: =SUM(A18+1) -> 11 | B19: SHURE | C19: AD2/K8B=-G57 | D19: ADX HH 470-616 MHZ | E19: 12 | G19: =F19*E19 -> 0
A20: =SUM(A19+1) -> 12 | B20: SHURE | C20: ADX1=-G57 | D20: ADX BP 470-616 MHZ | E20: 12 | G20: =F20*E20 -> 0
A21: =SUM(A20+1) -> 13 | B21: SHURE | C21: SBM920 | D21: Charging Module for SB920A | E21: 2 | G21: =F21*E21 -> 0
... A57: =SUM(A56+1) -> 49 | B57: BEHRENGER | C57: MDX4600 | D57: 4-channel Compressor/Limiter/Gate | E57: 2 | G57: =F57*E57 -> 0
A58: AUDIO PROCESSING TOTAL | G58: =SUM(G9:G57) -> 0
A59: MISC HARDWARE /CABLING
A60: =SUM(A57+1) -> 50 | B60: ALLOCATION | C60: MISC CABLES, ETC | D60: Misc Installation Hdwr | E60: 2 | G60: =F60*E60 -> 0
A61: =SUM(A60+1) -> 51 | B61: WEST PENN | C61: 452BK1000 | D61: 1P 22G STRD SHLD PVC Jacket, Mic/Line Cable, 1000' Reel, QTY as required | E61: 1 | G61: =F61*E61 -> 0
A62: =SUM(A61+1) -> 52 | B62: WEST PENN | C62: 4346ABL1000 | D62: 4pr. 23AWG Category 6A UTP CMR (PVC) - 1000' Reel, QTY as required | E62: 1 | G62: =F62*E62 -> 0
A63: =SUM(A62+1) -> 53 | B63: WEST PENN | C63: WP9W241T | D63: Interlocked Armor Distribution Cable - 12 Fiber OS2 OFCP, 1000' Reel, QTY as required | E63: 1 | G63: =F63*E63 -> 0
A64: =SUM(A63+1) -> 54 | B64: WEST PENN | C64: 25810NT1000 | D64: RG8/U 50 Ohm 10AWG Non-Plenum Coax, 1000' Reel, QTY as required | E64: 1 | G64: =F64*E64 -> 0
A65: =SUM(A64+1) -> 55 | G65: =F65*E65 -> 0
A66: MISC HARDWARE / CABLING TOTAL | G66: =SUM(G60:G65) -> 0
A67: ADDITIONAL ITEMS REQUIRED
A68: =SUM(A65+1) -> 56 | B68: ALLOCATION | C68: LABOR | D68: Test and Time Align new system co0mponents with CWS Engineering Staff | E68: 1 | G68: =F68*E68 -> 0
A69: =SUM(A68+1) -> 57 | B69: ALLOCATION | C69: LABOR | D69: Train new system components with CWS Engineering and Ops staff | E69: 1 | G69: =F69*E69 -> 0
A70: =SUM(A69+1) -> 58 | B70: ALLOCATION | C70: LABOR | D70: Engineering for Preparation of Submittals | E70: 1 | G70: =F70*E70 -> 0
A71: =SUM(A70+1) -> 59 | G71: =F71*E71 -> 0
A72: =SUM(A71+1) -> 60 | G72: =F72*E72 -> 0
A73: =SUM(A72+1) -> 61 | G73: =F73*E73 -> 0
A74: =SUM(A73+1) -> 62 | G74: =F74*E74 -> 0
A75: ADDITIONAL ITEMS REQUIRED TOTAL | G75: =SUM(G68:G74) -> 0
A76: INSTALLATION MATERIALS, LABOR, AND EXPENSES
A77: =SUM(A74+1) -> 63 | B77: INTEGRATION | C77: LABOR | D77: Integration Labor | E77: 1 | G77: =F77*E77 -> 0
A78: =SUM(A77+1) -> 64 | B78: INTEGRATION | C78: MATERIAL | D78: Integration Material | E78: 1 | G78: =F78*E78 -> 0
A79: =SUM(A78+1) -> 65 | B79: INTEGRATION | C79: TRAVEL | D79: Integration Expenses | E79: 1 | G79: =F79*E79 -> 0
A80: INSTALLATION MATERIALS, LABOR AND EXPENSES TOTAL | G80: =SUM(G77:G79) -> 0
A81: EQUIPMENT TOTAL | G81: =SUM(G75,G66,G58) -> 0
A82: TOTAL | G82: =SUM(G80:G81) -> 0
A83: AUDIO PROCESSING SUBTOTAL | G83: =G58 -> 0
A84: MISC HARDWARE / CABLING TOTAL | G84: =G66 -> 0
A85: ADDITIONAL ITEMS REQUIRED TOTAL | G85: =G75 -> 0
A86: INSTALLATION MATERIALS, LABOR AND EXPENSES TOTAL | G86: =G80 -> 0
A87: TOTAL BUDGETARY ESTIMATE | G87: =SUM(G83:G86) -> 0

Sheet 3.0 OTHER ITEMS NEEDED
A1: ILLINOIS SPORTS FACILITIES AUTHORITY OTHER ITEMS NEEDED
A5: REF | B5: MANUFACTURER | C5: MODEL | D5: DESCRIPTION | E5: QTY | F5: UNIT | G5: EXTENDED
A7: Broadcast Control Room
A8: 1 | E8: 1 | G8: =+F8*E8 -> 0
A9: =+A8+1 -> 2 | E9: 1 | G9: =+F9*E9 -> 0
A10: =+A9+1 -> 3 | E10: 1 | G10: =+F10*E10 -> 0
A11: =+A10+1 -> 4 | E11: 1 | G11: =+F11*E11 -> 0
A12: =+A11+1 -> 5 | E12: 1 | G12: =+F12*E12 -> 0
A13: =+A12+1 -> 6 | E13: 1 | G13: =+F13*E13 -> 0
A14: =+A13+1 -> 7 | E14: 1 | G14: =+F14*E14 -> 0
A15: =+A14+1 -> 8 | E15: 1 | G15: =+F15*E15 -> 0
A16: =+A15+1 -> 9 | E16: 1 | G16: =+F16*E16 -> 0
A17: =+A16+1 -> 10 | E17: 1 | G17: =+F17*E17 -> 0
A18: =+A17+1 -> 11 | E18: 1 | G18: =+F18*E18 -> 0
A19: =+A18+1 -> 12 | E19: 1 | G19: =+F19*E19 -> 0
A20: =+A19+1 -> 13 | E20: 1 | G20: =+F20*E20 -> 0
... A37: =+A36+1 -> 30 | E37: 1 | G37: =+F37*E37 -> 0
A38: OTHER ITEMS NEEDED SUBTOTAL | G38: =SUM(G8:G37) -> 0
B41: **ADD LINES AS NEEDED

Sheet 4.0 VENDOR ALTERNATES
A1: ILLINOIS SPORTS FACILITIES AUTHORITY VENDOR ALTERNATES
A5: REF | B5: MANUFACTURER | C5: MODEL | D5: DESCRIPTION | E5: QTY | F5: UNIT | G5: EXTENDED
A7: VENDOR ALTERNATE 1
A8: 1 | E8: 1 | G8: =+F8*E8 -> 0
A9: 2 | E9: 1 | G9: =+F9*E9 -> 0
A10: 3 | E10: 1 | G10: =+F10*E10 -> 0
A11: 4 | E11: 1 | G11: =+F11*E11 -> 0
A12: 5 | E12: 1 | G12: =+F12*E12 -> 0
A13: 6 | E13: 1 | G13: =+F13*E13 -> 0
A14: 7 | E14: 1 | G14: =+F14*E14 -> 0
A15: 8 | E15: 1 | G15: =+F15*E15 -> 0
A16: 9 | E16: 1 | G16: =+F16*E16 -> 0
A17: 10 | E17: 1 | G17: =+F17*E17 -> 0
A18: 11 | E18: 1 | G18: =+F18*E18 -> 0
A19: 12 | E19: 1 | G19: =+F19*E19 -> 0
A20: =A7 -> VENDOR ALTERNATE 1 | G20: =SUM(G8:G19) -> 0
A22: VENDOR ALTERNATE 2
A23: 1 | E23: 1 | G23: =+F23*E23 -> 0
A24: 2 | E24: 1 | G24: =+F24*E24 -> 0
A25: 3 | E25: 1 | G25: =+F25*E25 -> 0
A26: 4 | E26: 1 | G26: =+F26*E26 -> 0
A27: 5 | E27: 1 | G27: =+F27*E27 -> 0
A28: 6 | E28: 1 | G28: =+F28*E28 -> 0
A29: 7 | E29: 1 | G29: =+F29*E29 -> 0
A30: 8 | E30: 1 | G30: =+F30*E30 -> 0
A31: 9 | E31: 1 | G31: =+F31*E31 -> 0
A32: 10 | E32: 1 | G32: =+F32*E32 -> 0
A33: 11 | E33: 1 | G33: =+F33*E33 -> 0
A34: 12 | E34: 1 | G34: =+F34*E34 -> 0
A35: =A22 -> VENDOR ALTERNATE 2 | G35: =SUM(G23:G34) -> 0
A37: VENDOR ALTERNATE 3
A38: 1 | E38: 1 | G38: =+F38*E38 -> 0
A39: =+A38+1 -> 2 | E39: 1 | G39: =+F39*E39 -> 0
A40: =+A39+1 -> 3 | E40: 1 | G40: =+F40*E40 -> 0
A41: =+A40+1 -> 4 | E41: 1 | G41: =+F41*E41 -> 0
A42: =+A41+1 -> 5 | E42: 1 | G42: =+F42*E42 -> 0
A43: =+A42+1 -> 6 | E43: 1 | G43: =+F43*E43 -> 0
A44: =+A43+1 -> 7 | E44: 1 | G44: =+F44*E44 -> 0
A45: =+A44+1 -> 8 | E45: 1 | G45: =+F45*E45 -> 0
A46: =+A45+1 -> 9 | E46: 1 | G46: =+F46*E46 -> 0
A47: =+A46+1 -> 10 | E47: 1 | G47: =+F47*E47 -> 0
A48: =+A47+1 -> 11 | E48: 1 | G48: =+F48*E48 -> 0
A49: =+A48+1 -> 12 | E49: 1 | G49: =+F49*E49 -> 0
A50: =A37 -> VENDOR ALTERNATE 3 | G50: =SUM(G38:G49) -> 0
A52: VENDOR ALTERNATE 4
A53: 1 | E53: 1 | G53: =+F53*E53 -> 0
A54: =+A53+1 -> 2 | E54: 1 | G54: =+F54*E54 -> 0
A55: =+A54+1 -> 3 | E55: 1 | G55: =+F55*E55 -> 0
A56: =+A55+1 -> 4 | E56: 1 | G56: =+F56*E56 -> 0
A57: =+A56+1 -> 5 | E57: 1 | G57: =+F57*E57 -> 0
A58: =+A57+1 -> 6 | E58: 1 | G58: =+F58*E58 -> 0
A59: =+A58+1 -> 7 | E59: 1 | G59: =+F59*E59 -> 0
A60: =+A59+1 -> 8 | E60: 1 | G60: =+F60*E60 -> 0
A61: =+A60+1 -> 9 | E61: 1 | G61: =+F61*E61 -> 0
A62: =+A61+1 -> 10 | E62: 1 | G62: =+F62*E62 -> 0
A63: =+A62+1 -> 11 | E63: 1 | G63: =+F63*E63 -> 0
A64: =+A63+1 -> 12 | E64: 1 | G64: =+F64*E64 -> 0
A65: =A52 -> VENDOR ALTERNATE 4 | G65: =SUM(G53:G64) -> 0
B68: **ADD LINES AS NEEDED
